 Dungeon Crawl Stone Soup version 0.26.0-10-g1f06aea511 (webtiles) character file.

Game seed: 37495710654655220

3 sanka the Magician (level 1, 0/14 HPs)
             Began as a Ghoul Hedge Wizard on Jan 17, 2021.
             Slain by a hobgoblin
             ... wielding a cursed -1 club
              (2 damage)
             ... on level 1 of the Dungeon.
             The game lasted 00:00:39 (215 turns).

sanka the Magician (Ghoul Hedge Wizard)              Turns: 215, Time: 00:00:39

Health: 0/14       AC:  2    Str: 13    XL:     1   Next: 50%
Magic:  1/3        EV: 12    Int:  9    God:
Gold:   18         SH:  0    Dex:  8    Spells: 4/5 levels left

rFire    . . .     SeeInvis .   a - +0 dagger
rCold    + . .     Faith    .   (no shield)
rNeg     + + +     Spirit   .   b - +0 robe
rPois    ∞         Reflect  .   c - +0 hat
rElec    .         Harm     .   (no cloak)
rCorr    .         Rampage  .   (no gloves)
Will     .....                  (no boots)
Stlth    ++........             (no amulet)
HPRegen  0.00/turn              (no ring)
MPRegen  0.08/turn              (no ring)

@: very slightly contaminated
A: claws 1, cold resistance 1, negative energy resistance 3, inhibited
regeneration, torment resistance, unbreathing
a: no special abilities


You were on level 1 of the Dungeon.
You visited 1 branch of the dungeon, and saw 1 of its levels.

You collected 18 gold pieces.


Innate Abilities, Weirdness & Mutations

You thrive by killing the living.
You are immune to poison.
You have sharp fingernails.
Your flesh is cold resistant. (rC+)
You are immune to negative energy. (rN+++)
You do not regenerate when monsters are visible.
You are immune to unholy pain and torment.
You can survive without breathing.


   Skills:
 - Level 1.7 Dodging
 - Level 2.1 Stealth
 + Level 2.8 Spellcasting
 - Level 1.0 Conjurations
 - Level 0.8 Summonings
 - Level 0.8 Translocations


You had 4 spell levels left.
You knew the following spells:

 Your Spells              Type           Power        Failure   Level
z - Magic Dart            Conj           12%          21%         1

Your spell library contained the following spells:

 Spells                   Type           Power        Failure   Level
 Blink                    Tloc           N/A          32%         2
 Call Imp                 Summ           2%           32%         2
 Slow                     Hex            1%           43%         2
 Conjure Flame            Conj/Fire      2%           58%         3
 Mephitic Cloud           Conj/Pois/Air  1%           63%         3

Inventory:

Hand Weapons
 a - a +0 dagger (weapon)
Armour
 b - a +0 robe (worn)
 c - a +0 hat (worn)
Scrolls
 e - a scroll of blinking {unknown}
Potions
 d - 2 potions of haste {unknown}

Dungeon Overview and Level Annotations

Branches:
Dungeon (1/15)

Altars:

Annotations:
D:1 1 runed translucent door

................ ....▒▒▒.....▒..
▒............>▒
▒▒▒▒▒▒▒▒▒..............
▒▒..........▒▒.......▒.▒
▒▒▒▒▒......................▒
▒▒▒...............▒▒.▒▒▒.▒▒.▒▒
▒.................▒▒.........▒
.............n..............[▒
.............▒gK▒▒...........▒
▒▒+▒▒▒▒▒▒▒'▒▒▒..▒▒.▒▒(..........▒
..⌠...>...⌠..▒........▒..........
......<......▒..▒▒...........)..▒
⌠....▒▒▒....⌠+........▒▒▒▒▒▒▒.▒.▒
.............▒..........▒▒▒ ▒...▒
▒▒▒▒▒▒+▒▒▒▒▒▒▒.............▒▒....


r..BBJ ▒....▒▒..▒▒▒......▒▒ You could see a hobgoblin and a kobold.


Message History

You hit the hobgoblin.
The hobgoblin is severely wounded.
The hobgoblin misses you.
Aiming: Magic Dart (safe; 21% risk of failure)
Aim: a hobgoblin, wielding a -1 club (severely wounded, 0% to evade)
The magic dart hits the hobgoblin.
The hobgoblin is almost dead.
The hobgoblin barely misses you.
You hit the hobgoblin but do no damage.
The hobgoblin is almost dead.
The hobgoblin hits you with a cursed -1 club.
* * * LOW HITPOINT WARNING * * *
You closely miss the hobgoblin.
The hobgoblin is almost dead.
The hobgoblin closely misses you.
You closely miss the hobgoblin.
The hobgoblin is almost dead.
The hobgoblin hits you with a cursed -1 club.
* * * LOW HITPOINT WARNING * * *
You barely miss the hobgoblin.
The hobgoblin is almost dead.
The hobgoblin hits you with a cursed -1 club.
* * * LOW HITPOINT WARNING * * *
Aiming: Magic Dart (safe; 21% risk of failure)
Aim: a hobgoblin, wielding a -1 club (almost dead, 0% to evade)
You miscast Magic Dart.
You are very lightly contaminated with residual magic.
Nothing appears to happen.
The hobgoblin hits you with a cursed -1 club.
You die...

Action                   || total
-------------------------++-------
Melee: Dagger            ||    17
 Cast: Magic Dart        ||     9
Armor: Robe              ||     1
Dodge: Dodged            ||    10

Levels and vault maps discovered:
D:1:      dpeg_arrival_caged_fury, layout_rooms

Notes
Turn   | Place    | Note
-------+----------+-------------------------------------------
     0 | D:1      | sanka the Ghoul Hedge Wizard began the quest for the Orb.
     0 | D:1      | Reached XP level 1. HP: 14/14 MP: 3/3
     1 | D:1      | Found a runed translucent door.
   147 | D:1      | Reached skill level 1 in Conjurations
   215 | D:1      | Slain by a hobgoblin

Vanquished Creatures
  A bat (D:1)
  2 kobolds (D:1)
  A rat (D:1)
4 creatures vanquished.

Table legend: (Time is in decaauts)
 A = Elapsed time spent in this place.
 B = Non-inter-level travel time spent in this place.
 C = Inter-level travel time spent in this place.
 D = Time resting spent in this place.
 E = Time spent auto-exploring this place.
 F = Levels seen in this place.
 G = Mean time per level.
                   A        B        C        D        E       F      G
               +--------+--------+--------+--------+--------+-----+--------+
         Total |    215 |    215 |      0 |     82 |     68 |   1 |  215.0 |
       Dungeon |    215 |    215 |      0 |     82 |     68 |   1 |  215.0 |
               +--------+--------+--------+--------+--------+-----+--------+

Top non-repeatable levels by time:
     D:1: 215 daAuts
